 Dungeon Crawl Stone Soup version 0.27-a0-1301-g128193abf8 (webtiles) character file.

Game seed: 5060701211372825928

2132 flotson the Skirmisher (level 9, -4/69 HPs)
             Began as a Demonspawn Delver on June 17, 2021.
             Slain by a two-headed ogre (15 damage)
             ... on level 7 of the Dungeon.
             The game lasted 00:12:35 (7982 turns).

flotson the Skirmisher (Demonspawn Delver)          Turns: 7982, Time: 00:12:36

Health: -4/69      AC: 11    Str: 17    XL:     9   Next: 9%
Magic:  0/9        EV: 20    Int: 11    God:
Gold:   445        SH:  0    Dex: 14    Spells: 8/8 levels left

rFire    . . .     SeeInvis .   a - +9 dagger of Popular Demand {freeze, Fly}
rCold    . . .     Faith    .   (no shield)
rNeg     . . .     Spirit   +   t - +0 scale mail
rPois    .         Reflect  .   (helmet restricted)
rElec    .         Harm     .   B - +0 cloak
rCorr    .         Rampage  .   e - +0 pair of gloves
Will     .....                  (no boots)
Stlth    +.........             p - amulet of guardian spirit
HPRegen  0.21/turn              k - ring of wizardry
MPRegen  0.22/turn              z - +4 ring of evasion

@: agile, flying
A: antennae 1, powered by pain 1, magic regeneration, sharp scales 2
a: no special abilities


You were on level 7 of the Dungeon.
You visited 2 branches of the dungeon, and saw 8 of its levels.
You also visited: Ossuary.

You collected 445 gold pieces.

Inventory:

Hand Weapons
 a - the +9 dagger of Popular Demand (weapon) {freeze, Fly}
   (You found it on level 5 of the Dungeon)

   It has been specially enchanted to freeze those struck by it, causing extra
   injury to most foes and up to half again as much damage against particularly
   susceptible opponents.
   It can also slow down cold-blooded creatures.
   It grants you flight.
 b - a +0 arbalest
 h - a +0 broad axe
Missiles
 v - 20 poisoned darts (quivered)
 x - 22 bolts
Armour
 e - a +0 pair of gloves (worn)
 t - a +0 scale mail (worn)
 B - a +0 cloak (worn)
Jewellery
 k - a ring of wizardry (left hand)
 p - an amulet of guardian spirit (around neck)
 z - a +4 ring of evasion (right hand)
 A - a ring of protection from cold
Wands
 g - a wand of digging (2)
 y - a wand of polymorph (17)
Scrolls
 c - 2 scrolls of fog
 i - 6 scrolls of identify {unknown}
 j - a scroll of amnesia {unknown}
 l - 2 scrolls of vulnerability {unknown}
 m - a scroll of holy word {unknown}
 n - 3 scrolls of teleportation {unknown}
 w - a scroll of enchant weapon {unknown}
 E - a scroll of acquirement {unknown}
Potions
 d - a potion of berserk rage {unknown}
 f - 3 potions of curing {unknown}
 o - 4 potions of cancellation {unknown}
 q - a potion of attraction {unknown}
 r - a potion of mutation {unknown}
 s - a potion of flight {unknown}
 u - 2 potions of heal wounds
 D - a potion of lignification {unknown}
 F - 2 potions of degeneration {unknown}
 G - a potion of ambrosia {unknown}
 H - a potion of haste


   Skills:
 + Level 5.8 Fighting
 + Level 4.9 Axes
 + Level 3.8 Throwing
 + Level 4.3 Armour
 + Level 4.8 Dodging
 - Level 4.5 Stealth
 + Level 4.5 Evocations


You had 8 spell levels left.
You didn't know any spells.
Your spell library contained the following spells:

 Spells                   Type           Power      Damage    Failure   Level
 Animate Skeleton         Necr           0%         N/A       41%         1
 Apportation              Tloc           0%         N/A       41%         1
 Corona                   Hex            0%         N/A       41%         1
 Summon Small Mammal      Summ           0%         N/A       41%         1


Dungeon Overview and Level Annotations

Branches:
Dungeon (7/15)             Temple (1/1) D:6         Ossuary (visited)

Altars:
Ashenzari
Cheibriados
Dithmenos
Elyvilon
Fedhas
Hepliaklqana
Makhleb
Okawaru
Qazlal
Ru
Trog
Xom
Yredelemnul
Zin
The Shining One


Innate Abilities, Weirdness & Mutations

You have a pair of small antennae on your head.
You sometimes gain a little power by taking damage.
You regenerate magic rapidly.
You are mostly covered in razor-sharp scales. (AC +2, Slay +2)


Message History

(D) Dungeon (T) Temple
Where to? (Enter - D:6, ? - help)
There is a stone staircase leading down here.
You climb downwards.
A two-headed ogre comes into view. It is wielding two +0 giant clubs.
Found a scroll labelled CUTOGA CAPU and 23 arrows.
Found a stone staircase leading down and a stone staircase leading up.
There is a stone staircase leading up here.
You shoot a bolt. The bolt hits the two-headed ogre!!
The two-headed ogre shouts in stereo!
The two-headed ogre is heavily wounded.
You shoot a bolt. The bolt hits the two-headed ogre.
The two-headed ogre is heavily wounded.
You shoot a bolt. The bolt hits the two-headed ogre.
The two-headed ogre is heavily wounded.
You fly up into the air.
The +9 dagger of Popular Demand {freeze, Fly} glows with a cold blue light!
a - the +9 dagger of Popular Demand (weapon)
{freeze, Fly} The two-headed ogre hits you with a +0 giant club!!
The two-headed ogre hits you with a +0 giant club!
You hit the two-headed ogre but do no damage.
The two-headed ogre is heavily wounded.
You hit the two-headed ogre. You freeze the two-headed ogre.
The two-headed ogre is heavily wounded.
The two-headed ogre misses you. x2
You puncture the two-headed ogre! You freeze the two-headed ogre.
The two-headed ogre is severely wounded.
The two-headed ogre closely misses you.
The two-headed ogre hits you with a +0 giant club!
You hit the two-headed ogre but do no damage.
The two-headed ogre is severely wounded.
The two-headed ogre hits you with a +0 giant club! x2
* * * LOW HITPOINT WARNING * * *
You focus on the pain.
You feel agile all of a sudden.
You puncture the two-headed ogre! You freeze the two-headed ogre.
The two-headed ogre is almost dead.
The two-headed ogre completely misses you.
The two-headed ogre hits you with a +0 giant club!
You die...

# ####(#
###...(.( #
#.....#
#.#...(.#.#
#..@O.....#
#.........#
##....>..##
##.<...##
#.....#
#......#
###.#...#
......


You could see a two-headed ogre.

Vanquished Creatures
  A moth of wrath (D:5)
  A gargoyle (D:6)
  Sigmund (D:3)
  A water moccasin (D:6)
  An ice beast (D:5)
  A necrophage (D:5)
  2 ogres
  Blork the orc (D:6)
  A gnoll sergeant (D:6)
  A water moccasin zombie (D:5)
  A water moccasin skeleton (D:4)
  2 howler monkeys (D:5)
  A jelly (D:5)
  A hound (D:4)
  Crazy Yiuf (D:3)
  A bullfrog skeleton (D:6)
  2 iguanas
  An orc wizard (D:6)
  Ijyb (D:5)
  A hound skeleton (D:4)
  9 mummies
  A howler monkey zombie (D:5)
  4 adders
  5 gnolls
  A white imp (D:5)
  2 adder skeletons (D:4)
  3 worms
  4 dart slugs
  3 orcs
  4 bats
  8 endoplasms
  3 giant cockroaches
  2 gnoll zombies (Ossuary)
  4 goblins
  11 hobgoblins
  10 jackals
  5 kobolds
  5 quokkas
  9 ball pythons
  6 frilled lizards
  A hobgoblin zombie (Ossuary)
  4 kobold zombies (Ossuary)
  An orc zombie (Ossuary)
  5 rats
133 creatures vanquished.

Notes
Turn   | Place    | Note
-------+----------+-------------------------------------------
     0 | D:5      | flotson the Demonspawn Delver began the quest for the Orb.
     0 | D:5      | Reached XP level 1. HP: 18/18 MP: 1/1
    28 | D:5      | Gained mutation: You are partially covered in razor-sharp
                  | scales. (AC +1, Slay +1) [demonic ancestry]
    28 | D:5      | Reached XP level 2. HP: 9/24 MP: 2/2
   242 | D:5      | Found a snail-covered altar of Cheibriados.
   306 | D:5      | Noticed a moth of wrath
   306 | D:5      | Noticed Ijyb
   601 | D:2      | Reached skill level 1 in Armour
   628 | D:1      | Found a faded altar of an unknown god.
   635 | D:1      | Gained mutation: You regenerate magic rapidly. [demonic
                  | ancestry]
   635 | D:1      | Reached XP level 3. HP: 27/29 MP: 3/3
  1817 | D:2      | Gained mutation: You sometimes gain a little power by
                  | taking damage. [demonic ancestry]
  1817 | D:2      | Reached XP level 4. HP: 35/35 MP: 4/4
  2056 | D:3      | Noticed Sigmund
  3247 | D:3      | Found a runed translucent door.
  3248 | D:3      | Noticed Crazy Yiuf
  3601 | D:4      | Gained mutation: You are mostly covered in razor-sharp
                  | scales. (AC +2, Slay +2) [demonic ancestry]
  3601 | D:4      | Reached XP level 5. HP: 29/42 MP: 5/5
  3737 | D:4      | Reached skill level 4 in Fighting
  3826 | D:4      | Reached skill level 1 in Evocations
  4024 | D:5      | Noticed a necrophage
  4028 | D:5      | Identified the +9 dagger of Popular Demand {freeze, Fly}
  4032 | D:5      | Killed a necrophage
  4033 | D:5      | Reached skill level 1 in Throwing
  4033 | D:5      | Gained mutation: You have a pair of small antennae on your
                  | head. [demonic ancestry]
  4033 | D:5      | Reached XP level 6. HP: 44/48 MP: 4/6
  4122 | D:5      | Reached XP level 7. HP: 19/55 MP: 5/7
  4550 | D:5      | Found a bloodstained altar of Trog.
  4557 | D:5      | Killed Ijyb
  4964 | D:3      | Killed Sigmund
  5227 | D:3      | Killed Crazy Yiuf
  5388 | D:5      | Killed a moth of wrath
  5389 | D:5      | Reached skill level 5 in Fighting
  5389 | D:5      | Reached XP level 8. HP: 61/62 MP: 6/8
  5628 | D:6      | Noticed a gargoyle
  5652 | D:6      | Killed a gargoyle
  5922 | D:6      | Found a sand-covered staircase.
  5928 | Ossuary  | Entered an ossuary
  6861 | D:6      | Noticed Blork the orc
  6873 | D:6      | Killed Blork the orc
  6874 | D:6      | Reached XP level 9. HP: 44/69 MP: 6/9
  7723 | D:6      | Found a staircase to the Ecumenical Temple.
  7732 | Temple   | Entered the Ecumenical Temple
  7973 | D:7      | Noticed a two-headed ogre
  7982 | D:7      | Slain by a two-headed ogre

Illustrated notes

Levels and vault maps discovered:
D:1:      lemuel_arrival_behind_the_door_large, layout_rooms,
          serial_corexii_hall, corexii_hall_statues_s, corexii_hall_statues_t,
          basic_ecumenical_altar
D:2:      layout_basic, serial_corexii_hall, corexii_hall_statues_s,
          chequers_hall_statues_wall_a, chequers_hall_statues_wall_a,
          corexii_hall_statues_l
D:3:      layout_loops_corners, uniq_sigmund, uniq_crazy_yiuf_cottage
D:4:      layout_basic
D:5:      layout_loops_ring, kennysheep_slug_shrine, lemuel_doored_altar,
          tgw_trog, cheibrodos_sewer_entry_sluice, uniq_ijyb
D:6:      layout_basic, minmay_temple_entry_poolview, gup_ossuary_entry_pyramid,
          uniq_blork_the_orc
D:7:      layout_loops_corners, lemuel_tele_altar, kennysheep_mini_moat,
          kennysheep_generic_room_15
Temple:   nicolae_temple_hex_pool

Skill      XL: |  1  2  3  4  5  6  7  8 |
---------------+-------------------------+-----
Axes           | 2 3 4 |  4.9
Dodging        | 2 3 4 |  4.8
Armour         | 1 2 3 4 |  4.3
Fighting       | 4 5 |  5.8
Evocations     | 1 2 3 4 |  4.5
Throwing       | 1 2 3 |  3.8
Stealth        | |  4.5

Action                   |  1- 3 |  4- 6 |  7- 9 || total
-------------------------+-------+-------+-------++-------
Melee: Hand axe          |    17 |       |       ||    17
       Spear             |    98 |   141 |       ||   239
       Dagger            |       |    43 |   169 ||   212
       Quarterstaff      |       |       |    11 ||    11
 Fire: Arbalest          |       |       |     3 ||     3
Throw: Dart              |       |       |     5 ||     5
Evoke: Wand              |       |       |     1 ||     1
  Use: Scroll            |       |       |     2 ||     2
       Potion            |       |       |     1 ||     1
 Stab: Sleeping          |     7 |     2 |       ||     9
Armor: Leather armour    |    22 |       |       ||    22
       Ring mail         |     7 |     1 |       ||     8
       Scale mail        |       |    83 |    59 ||   142
Dodge: Dodged            |    56 |    90 |   155 ||   301

Table legend: (Time is in decaauts)
 A = Elapsed time spent in this place.
 B = Non-inter-level travel time spent in this place.
 C = Inter-level travel time spent in this place.
 D = Time resting spent in this place.
 E = Time spent auto-exploring this place.
 F = Levels seen in this place.
 G = Mean time per level.
                   A        B        C        D        E       F      G
               +--------+--------+--------+--------+--------+-----+--------+
         Total |   8008 |   7108 |    900 |    167 |   5485 |   9 |  889.8 |
       Dungeon |   7438 |   6558 |    880 |    167 |   5045 |   7 | 1062.6 |
        Temple |     91 |     71 |     20 |      0 |     71 |   1 |   91.0 |
       Ossuary |    477 |    477 |      0 |      0 |    369 |   1 |  477.0 |
               +--------+--------+--------+--------+--------+-----+--------+

Top non-repeatable levels by time:
     D:5: 1711 daAuts
     D:3: 1577 daAuts
     D:6: 1454 daAuts
     D:2: 1311 daAuts
     D:1: 693 daAuts
     D:4: 679 daAuts
 Ossuary: 477 daAuts
  Temple: 91 daAuts
     D:7: 11 daAuts
